 Dungeon Crawl Stone Soup version 0.31.0-9-g3a7656b989 (webtiles) character file.

Game seed: 16201869301331281896

1320 qw the Skirmisher (level 8, -2/39 HPs)
             Began as a Spriggan Hunter on Feb 2, 2024.
             Was a Follower of Okawaru.
             Slain by an orc
             ... wielding a +0 hand axe
              (6 damage)
             ... on level 5 of the Dungeon.
             The game lasted 00:00:19 (4214 turns).

qw the Skirmisher (Spriggan Hunter)                 Turns: 4214, Time: 00:00:19

Health: -2/39      AC:  4    Str:  7    XL:     8   Next: 33%
Magic:  9/9        EV: 24    Int: 10    God:    Okawaru [*.....]
Gold:   256        SH:  0    Dex: 21    Spells: 7/7 levels left

rFire   . . .        l - +0 orcbow
rCold   + . .        (shield currently unavailable)
rNeg    . . .        k - +2 robe {rC+}
rPois   .            (helmet restricted)
rElec   .            j - scarf {repulsion}
rCorr   +            (gloves unavailable)
SInv    +            (boots unavailable)
Will    +....        (no amulet)
Stlth   ++           b - ring of resist corrosion
HPRegen 0.26/turn    (no ring)
MPRegen 0.11/turn

%: repel missiles
@: about to teleport, very quick
A: very small, no large weapons, unfitting armour, see invisible, speed 3
a: Renounce Religion, Heroism


You were on level 5 of the Dungeon.
You worshipped Okawaru.
Okawaru was aware of your devotion.
You visited 2 branches of the dungeon, and saw 7 of its levels.

You collected 256 gold pieces.


Innate Abilities, Weirdness & Mutations

You are very small and have problems with some larger weapons.
You are too small for most types of armour.
You have supernaturally acute eyesight. (SInv)
You cover ground extremely quickly. (Speed+++)


   Skills:
 + Level 2.0 Fighting
 - Level 9.1 Ranged Weapons
 - Level 8.2 Dodging
 - Level 1.5 Stealth
 + Level 0.1 Invocations


You had 7 spell levels left.
You didn't know any spells.
Your spell library was empty.

Inventory:

Hand Weapons
 l - a +0 orcbow (weapon)
Armour
 j - a scarf of repulsion (worn)
 k - a +2 robe of cold resistance (worn)
Jewellery
 b - a ring of resist corrosion (left hand)
 h - a ring of fire
Wands
 i - a wand of iceblast (11)
Scrolls
 d - 3 scrolls of enchant armour
 g - 2 scrolls of teleportation
Potions
 e - 2 potions of curing
 f - a potion of enlightenment
 m - a potion of haste {unknown}

Dungeon Overview and Level Annotations

Branches:
Dungeon (6/15)             Temple (1/1) D:5

Altars:
Ashenzari
Cheibriados
Dithmenos
Elyvilon
Fedhas
Hepliaklqana
Okawaru
Qazlal
Sif Muna
Trog
Uskayaw
Wu Jian
Yredelemnul
Zin

Shops:
D:1 (   D:5 *=


Message History

4207 ||| STAIRDANCE The bullfrog completely misses you.
The orc misses you. The orc wizard completely misses you.
The iguana misses you. The orc completely misses you.
The orc barely misses you.
You climb upwards.
You feel less confused.
There is a stone staircase leading down here.
You shoot an arrow.
The arrow hits the bullfrog but does no damage.
The bullfrog misses you. The orc hits you but does no damage.
The orc misses you. x2; The iguana misses you.
The orc wizard misses you. The orc hits you but does no damage.
You shoot an arrow.
The arrow hits the bullfrog but does no damage.
The bullfrog misses you. The bullfrog closely misses you. The orc misses you.
The orc completely misses you. The orc hits you with a +0 hand axe.
The orc hits you but does no damage. The iguana barely misses you.
The orc wizard gestures at you while chanting.
The puff of flame is repelled.
The puff of flame hits the iguana!
You shoot an arrow. The arrow hits the iguana!
You kill the iguana!
Okawaru accepts your kill. The bullfrog hits you.
The orc completely misses you. The orc hits you with a +0 flail.
The orc closely misses you.
The orc wizard hits you with a +0 dagger.
The orc hits you with a +0 club. The bullfrog closely misses you.
4212 ||| READING 3 scrolls of teleportation.
As you read the scroll of teleportation, it crumbles to dust.
You feel strangely unstable. The bullfrog completely misses you.
The orc completely misses you.
The orc misses you. x2; The orc completely misses you.
The orc wizard barely misses you.
You shoot an arrow. The arrow hits the bullfrog.
The bullfrog is lightly wounded.
The bullfrog closely misses you. The orc completely misses you.
The orc closely misses you. x2; The orc wizard completely misses you.
The orc misses you. The bullfrog barely misses you.
You shoot an arrow. The arrow barely misses the bullfrog.
The bullfrog closely misses you. The orc hits you with a +0 hand axe.
You die...

#...#.#...#.......#...#
#.........#...........#
#.....#.......#...##..#
#..####..##.#.#..###..#
#..# #..##.#.#....#..#
#..####................
#..##.....#.###........
###..##%oo..#.###.......#
#......o@................
#......oFo............##.
###.###.....#####.#...#..
#.# ####.## #.#...#.# #.#
#.# #.#...#.#
#.######.######.#...#.#
#.#.............#...#..
#..........####.....###
#######.#.............#..


You could see a bullfrog, an orc wizard and 4 orcs.

Vanquished Creatures
  Pikel (D:5)
  2 black bears
  An ogre (D:4)
  A lemure (D:5)
  2 scorpions
  A vampire bat (D:4)
  3 hounds
  A sleepcap (D:3)
  2 iguanas (D:5)
  3 gnolls (D:5)
  7 adders
  2 dart slugs
  3 fire bats (D:4)
  A ribbon worm (D:2)
  4 orcs
  2 spectral bats (D:4)
  3 bat skeletons (D:4)
  A bat zombie (D:4)
  4 endoplasms
  3 giant cockroaches
  10 hobgoblins
  8 jackals
  16 kobolds
  4 quokkas
  6 ball pythons
  13 bats
  A bat simulacrum (D:4)
  A frilled lizard (D:1)
  5 goblins
  6 rats
117 creatures vanquished.

Vanquished Creatures (others)
  A gnoll (D:5)
1 creature vanquished.

Grand Total: 118 creatures vanquished

Notes
Turn   | Place    | Note
-------+----------+-------------------------------------------
     0 | D:1      | qw the Spriggan Hunter began the quest for the Orb.
     0 | D:1      | Reached XP level 1. HP: 10/10 MP: 2/2
     0 | D:1      | 0 ||| qw: Version: 0.3-a-155-g5e7d8dd
     0 | D:1      | 0 ||| qw: Game counter: 1880
     0 | D:1      | 0 ||| qw: Melee chars always use a shield: true
     0 | D:1      | 0 ||| qw: God list: Okawaru
     0 | D:1      | 0 ||| qw: Allow faded altars: false
     0 | D:1      | 0 ||| qw: Do Orc after clearing Dungeon:15 true
     0 | D:1      | 0 ||| qw: Do second Lair branch before Depths: true
     0 | D:1      | 0 ||| qw: Lair rune preference: random
     0 | D:1      | 0 ||| qw: Goals: Normal
     0 | D:1      | 0 ||| PLANNING D:1-11
    77 | D:1      | Reached skill level 3 in Dodging
   183 | D:1      | Reached XP level 2. HP: 14/14 MP: 3/3
   534 | D:1      | Found Dusiz's Antique Weapon Shop.
   828 | D:1      | 828 ||| READING scroll labelled NACAVO WIBBI.
   828 | D:1      | 828 ||| ENCHANTING +0 shortbow.
   829 | D:1      | 829 ||| READING 2 scrolls labelled PASURR ENLI.
   829 | D:1      | 829 ||| IDENTIFYING emerald potion
   830 | D:1      | 830 ||| READING scroll of identify.
   830 | D:1      | 830 ||| IDENTIFYING ruby potion
   831 | D:1      | 831 ||| READING scroll labelled TENOBIDUUR.
   834 | D:1      | 834 ||| DROPPING scroll of butterflies.
   835 | D:1      | 835 ||| DROPPING potion of attraction.
   857 | D:2      | Reached XP level 3. HP: 18/18 MP: 4/4
   906 | D:2      | Found a blossoming altar of Fedhas.
  1106 | D:2      | Reached skill level 5 in Ranged Weapons
  1134 | D:2      | Reached XP level 4. HP: 22/22 MP: 5/5
  1147 | D:2      | 1147 ||| FLEEEEING.
  1148 | D:2      | 1148 ||| FLEEEEING.
  1149 | D:2      | 1149 ||| FLEEEEING.
  1150 | D:2      | 1150 ||| FLEEEEING.
  1151 | D:2      | 1151 ||| FLEEEEING.
  1152 | D:2      | 1152 ||| FLEEEEING.
  1153 | D:2      | 1153 ||| FLEEEEING.
  1154 | D:2      | 1154 ||| FLEEEEING.
  1158 | D:2      | 1158 ||| FLEEEEING.
  1160 | D:2      | 1160 ||| FLEEEEING.
  1161 | D:2      | 1161 ||| FLEEEEING.
  1162 | D:2      | 1162 ||| FLEEEEING.
  1163 | D:2      | 1163 ||| FLEEEEING.
  1164 | D:2      | 1164 ||| FLEEEEING.
  1165 | D:2      | 1165 ||| FLEEEEING.
  1166 | D:2      | 1166 ||| FLEEEEING.
  1167 | D:2      | 1167 ||| FLEEEEING.
  1168 | D:2      | 1168 ||| FLEEEEING.
  1169 | D:2      | 1169 ||| FLEEEEING.
  1170 | D:2      | 1170 ||| FLEEEEING.
  1171 | D:2      | 1171 ||| FLEEEEING.
  1172 | D:2      | 1172 ||| FLEEEEING.
  1173 | D:2      | 1173 ||| STAIRDANCE
  1205 | D:1      | 1205 ||| UPGRADING to scarf of repulsion.
  1210 | D:1      | 1210 ||| UPGRADING to ring of resist corrosion.
  1211 | D:1      | 1211 ||| READING scroll of identify.
  1211 | D:1      | 1211 ||| IDENTIFYING orange potion
  1212 | D:1      | 1212 ||| READING scroll labelled VUPRUON XONGA.
  1230 | D:2      | Found a faded altar of an unknown god.
  1488 | D:2      | 1488 ||| READING scroll labelled WUPHOOROICH.
  1488 | D:2      | 1488 ||| ENCHANTING +0 shortbow.
  1882 | D:3      | Reached XP level 5. HP: 26/26 MP: 6/6
  2255 | D:3      | 2255 ||| READING scroll labelled VIEG VUIJO.
  2256 | D:3      | 2256 ||| READING scroll labelled TEANTEUNYGH.
  2357 | D:3      | 2357 ||| READING scroll labelled QOIPAKKESKI.
  2388 | D:4      | 2388 ||| STAIRDANCE
  2425 | D:4      | 2425 ||| STAIRDANCE
  2503 | D:4      | Noticed a black bear
  2507 | D:4      | Killed a black bear
  2508 | D:4      | Reached skill level 6 in Ranged Weapons
  2508 | D:4      | Reached XP level 6. HP: 30/30 MP: 7/7
  2598 | D:4      | Reached skill level 6 in Dodging
  2715 | D:4      | Reached skill level 7 in Ranged Weapons
  2715 | D:4      | Reached XP level 7. HP: 25/35 MP: 8/8
  3172 | D:5      | Entered Level 5 of the Dungeon
  3224 | D:5      | Found Tunlob's Mass Market.
  3409 | D:5      | Found Zenisk's Jewellery Boutique.
  3414 | D:5      | 3414 ||| SHOPLISTING +6 ring of dexterity (468 gold, have
                  | 241).
  3414 | D:5      | 3414 ||| SHOPLISTING amulet of guardian spirit (390 gold,
                  | have 241).
  3414 | D:5      | 3414 ||| SHOPLISTING ring of Autumn {*Slow rElec rPois rN++
                  | Will+} (625 gold, have 241).
  3414 | D:5      | 3414 ||| SHOPLISTING ring of Finality {rCorr Dex+2} (405
                  | gold, have 241).
  3414 | D:5      | 3414 ||| SHOPLISTING ring of Kikubaaqudgha's Esteem {rElec
                  | rPois rN+} (496 gold, have 241).
  3421 | D:5      | Found a staircase to the Ecumenical Temple.
  3422 | D:5      | 3422 ||| PLANNING TEMPLE
  3422 | D:5      | 3422 ||| READING 2 scrolls of identify.
  3422 | D:5      | 3422 ||| IDENTIFYING grey potion
  3423 | D:5      | 3423 ||| READING scroll of identify.
  3423 | D:5      | 3423 ||| IDENTIFYING metallic ruby potion
  3424 | D:5      | 3424 ||| DROPPING potion of magic.
  3425 | D:5      | 3425 ||| DROPPING potion of degeneration.
  3432 | Temple   | Entered the Ecumenical Temple
  3433 | Temple   | 3433 ||| PLANNING OKAWARU WORSHIP
  3440 | Temple   | Became a worshipper of Warmaster Okawaru
  3441 | Temple   | 3441 ||| PLANNING D:1-11
  3501 | D:5      | Noticed Pikel
  3505 | D:5      | 3505 ||| ZAPPING wand of iceblast (4) at -5,0 (Pikel;
                  | floor).
  3506 | D:5      | 3506 ||| ZAPPING wand of iceblast (3) at -4,0 (Pikel;
                  | floor).
  3507 | D:5      | 3507 ||| ZAPPING wand of iceblast (2) at -3,0 (Pikel;
                  | floor).
  3508 | D:5      | 3508 ||| ZAPPING wand of iceblast (1) at -2,0 (Pikel;
                  | floor).
  3515 | D:5      | Killed Pikel
  3516 | D:5      | Reached skill level 9 in Ranged Weapons
  3516 | D:5      | Reached XP level 8. HP: 15/39 MP: 9/9
  3518 | D:5      | HP: 7/39 [gnoll/iceblast (9)]
  3519 | D:5      | 3519 ||| FLEEEEING.
  3520 | D:5      | 3520 ||| FLEEEEING.
  3521 | D:5      | 3521 ||| FLEEEEING.
  3522 | D:5      | 3522 ||| FLEEEEING.
  3523 | D:5      | 3523 ||| FLEEEEING.
  3524 | D:5      | 3524 ||| FLEEEEING.
  3525 | D:5      | 3525 ||| FLEEEEING.
  3526 | D:5      | 3526 ||| STAIRDANCE
  3845 | D:5      | Reached * piety under Okawaru
  3942 | D:5      | 3942 ||| SWAPPING to +0 orcbow.
  3943 | D:5      | 3943 ||| DROPPING +1 shortbow.
  4065 | D:5      | Identified the +10 hand axe of Vapremau {flame, *Rage rN++
                  | Dex+4}
  4167 | D:5      | 4167 ||| UPGRADING to +2 robe of cold resistance.
  4177 | D:5      | 4177 ||| DROPPING +0 robe.
  4178 | D:5      | 4178 ||| READING scroll labelled MYUGEO TACENN.
  4201 | D:6      | 4201 ||| STAIRDANCE
  4203 | D:6      | 4203 ||| STAIRDANCE
  4205 | D:6      | 4205 ||| STAIRDANCE
  4207 | D:6      | 4207 ||| STAIRDANCE
  4211 | D:5      | HP: 7/39 [orc/+0 flail (3)]
  4211 | D:5      | HP: 3/39 [orc/+0 club (1)]
  4212 | D:5      | 4212 ||| READING 3 scrolls of teleportation.
  4214 | D:5      | Slain by an orc

Levels and vault maps discovered:
D:1:      evilmike_arrival_rings, layout_loops_ring, serial_shops, shop,
          minmay_unequal
D:2:      layout_loops_ring, basic_ecumenical_altar, basic_altar,
          minmay_pentomino_v2
D:3:      layout_basic, kennysheep_boxes
D:4:      layout_cave_pools, goddamned_bats
D:5:      layout_basic, minmay_temple_entry_purple_smoke, serial_shops,
          nicolae_shop_pleasant_corner_grove, minmay_shop_mass, uniq_pikel
D:6:      layout_loops_ring, makhleb_heckhound_becter, serial_shops,
          kennysheep_little_box, minmay_ruined_shrine, uniq_sigmund
Temple:   eino_temple_lava

Skill      XL: |  1  2  3  4  5  6  7  8 |
---------------+-------------------------+-----
Dodging        | 3 4 5 6 7 8 |  8.2
Ranged Weapons | 5 6 7 9 |  9.1
Fighting       | 2 |  2.0
Stealth        | |  1.5
Invocations    | |  0.1

Action                     |  1- 3 |  4- 6 |  7- 9 || total
---------------------------+-------+-------+-------++-------
   Fire: Shortbow          |    92 |   171 |    89 ||   352
         Orcbow            |       |       |     5 ||     5
  Evoke: Wand              |       |       |     4 ||     4
    Use: Scroll            |     4 |     6 |     4 ||    14
 Armour: Robe              |     2 |    29 |    30 ||    61
  Dodge: Dodged            |    16 |   161 |    98 ||   275
         Repelled          |       |       |     1 ||     1

Table legend:
 A = Non-vault XP
 B = Vault XP
 C = Vault XP percentage of total XP
 D = Non-vault monster count
 E = Vault monster count
 F = Vault count percentage of total count
                 A         B        C        D         E       F
            +---------+---------+-------+---------+---------+-------
      Total |    1032 |     854 |  45.3 |      92 |      25 |  21.4
            +---------+---------+-------+---------+---------+-------
        D:1 |      32 |       4 |  11.1 |      20 |       2 |   9.1
        D:2 |     105 |       2 |   1.9 |      26 |       2 |   7.1
        D:3 |     119 |       0 |   0.0 |      19 |       0 |   0.0
        D:4 |     420 |     175 |  29.4 |      16 |      20 |  55.6
        D:5 |     356 |     673 |  65.4 |      11 |       1 |   8.3
            +---------+---------+-------+---------+---------+-------
